 Dungeon Crawl Stone Soup version 0.29.0-4-gdea44cf6ec (webtiles) character file.

Game seed: 10936139055193019628

2506 qw the Cleaver (level 9, -9/54 HPs)
             Began as a Tengu Warper on Aug 28, 2022.
             Was an Initiate of Okawaru.
             Mangled by an eight-headed hydra (11 damage)
             ... on level 7 of the Dungeon.
             The game lasted 00:00:47 (7815 turns).

qw the Cleaver (Tengu Warper)                       Turns: 7815, Time: 00:00:48

Health: -9/54      AC: 15    Str: 15    XL:     9   Next: 53%
Magic:  11/11      EV:  6    Int: 18    God:    Okawaru [......]
Gold:   729        SH:  0    Dex: 12    Spells: 12/12 levels left

rFire   + . .      SeeInvis +   a - +0 flail
rCold   . . .      Faith    .   (no shield)
rNeg    . . .      Spirit   .   k - +0 plate armour
rPois   .          Reflect  .   e - +2 hat
rElec   .          Harm     .   (no cloak)
rCorr   .          Rampage  .   j - +0 pair of gloves {hurl}
Will    .....                   (boots unavailable)
Stlth   ..........              (no amulet)
HPRegen 0.98/turn               c - ring of see invisible
MPRegen 0.12/turn               n - ring of protection from fire

@: about to teleport, flying quickly and evasively, quick
A: beak, talons 3, nimble flight, clever 1, low MP 1, regeneration 1, evolution
1
a: Renounce Religion


You were on level 7 of the Dungeon.
You worshipped Okawaru.
Okawaru was noncommittal.
You visited 2 branches of the dungeon, and saw 8 of its levels.

You collected 867 gold pieces.
You spent 138 gold pieces at shops.


Innate Abilities, Weirdness & Mutations

You have a beak for a mouth.
You have claws for feet.
Your magical nature lets you fly swiftly and evasively.
Your mind is acute. (Int +4, Str/Dex -1)
Your magical capacity is low. (-10% MP)
Your natural rate of healing is unusually fast.
You have hidden genetic potential.


   Skills:
 - Level 5.1 Fighting
 + Level 11.9 Axes
 - Level 1.0 Throwing
 - Level 5.0 Armour
 - Level 2.1 Dodging
 - Level 2.0 Spellcasting
 - Level 2.4 Translocations


You had 12 spell levels left.
You didn't know any spells.
Your spell library contained the following spells:

 Spells                   Type           Power      Damage    Failure   Level
 Blink                    Tloc           20%        N/A       100%        2
 Gell's Gravitas          Tloc           10%        N/A       100%        3
 Lesser Beckoning         Tloc           10%        N/A       100%        3
 Teleport Other           Tloc           10%        N/A       100%        3
 Manifold Assault         Tloc           10%        N/A       100%        5

Inventory:

Hand Weapons
 a - a +0 flail (weapon)
 Y - a +1 vorpal war axe
Missiles
 p - 4 boomerangs (quivered)
Armour
 e - a +2 hat (worn)
 j - a +0 pair of gloves of hurling (worn)
 k - a +0 plate armour (worn)
Jewellery
 c - a ring of see invisible (left hand)
 f - a ring of fire
 n - a ring of protection from fire (right hand)
Scrolls
 i - a scroll of identify
Potions
 b - a potion of resistance
 d - a potion of haste
 h - a potion of mutation
 l - a potion of heal wounds
 m - a potion of ambrosia {unknown}

Dungeon Overview and Level Annotations

Branches:
Dungeon (7/15)             Temple (1/1) D:7

Altars:
Ashenzari
Cheibriados
Dithmenos
Elyvilon
Fedhas
Gozag
Hepliaklqana
Makhleb
Okawaru
Qazlal
Ru
Trog
Wu Jian
Xom
Zin
The Shining One
Lugonu

Shops:
D:2 *   D:5 :

Portals:
Abyss: D:5

Annotations:
D:5 2 runed translucent doors


Message History

You start resting.
HP restored.
An eight-headed hydra comes into view.
Found the +1 robe of Vines {NoPotionHeal Regen++++}.
The eight-headed hydra moves out of view.
7810 ||| SWAPPING to +0 flail.
a - a +0 flail (weapon)
You hit the eight-headed hydra. You claw the eight-headed hydra.
You peck the eight-headed hydra.
The eight-headed hydra is lightly wounded.
The eight-headed hydra bites you but does no damage.
The eight-headed hydra bites you. x3; The eight-headed hydra bites you!
The eight-headed hydra bites you but does no damage. x2
The eight-headed hydra barely misses you.
You sock the eight-headed hydra! You claw the eight-headed hydra!
You peck the eight-headed hydra.
The eight-headed hydra is heavily wounded.
The eight-headed hydra completely misses you.
The eight-headed hydra bites you but does no damage. x2
The eight-headed hydra bites you.
The eight-headed hydra bites you but does no damage. x3
The eight-headed hydra bites you.
You barely miss the eight-headed hydra. You claw the eight-headed hydra.
The eight-headed hydra is heavily wounded.
The eight-headed hydra bites you but does no damage. x7
The eight-headed hydra bites you.
You hit the eight-headed hydra.
The eight-headed hydra is heavily wounded.
The eight-headed hydra bites you but does no damage.
The eight-headed hydra barely misses you.
The eight-headed hydra completely misses you.
The eight-headed hydra bites you. The eight-headed hydra bites you!
The eight-headed hydra bites you but does no damage.
The eight-headed hydra bites you.
The eight-headed hydra bites you but does no damage.
7815 ||| READING scroll of teleportation.
As you read the scroll of teleportation, it crumbles to dust.
You feel strangely unstable.
The eight-headed hydra bites you. x2; The eight-headed hydra bites you!
You die...

....#
#.............#....
....#
#..........#######.
#######...........
##########.# #####
##### ##.#
###[..P####...##
##...
#......#.#.....#
#..##
.P..~~D7......##
#.##
7.~~.@......######.#
#......#P..PP#.....#
#P..P####......#####
##### ##...### #####


You could see an eight-headed hydra.

Vanquished Creatures
  Joseph (D:7)
  A troll (D:7)
  Sigmund (D:4)
  A water moccasin (D:7)
  2 ice beasts
  An orc warrior (D:5)
  A centaur (D:5)
  A phantom (D:6)
  A bullfrog (D:7)
  3 necrophages (D:6)
  A wight (D:6)
  4 scorpions (D:6)
  4 hounds
  3 jellies (D:6)
  Ijyb (D:4)
  6 iguanas
  3 orc wizards
  6 gnolls
  7 adders
  2 shadow imps (D:5)
  5 white imps
  2 ufetubi
  2 worms (D:4)
  A dart slug (D:2)
  12 orcs
  An endoplasm (D:3)
  7 giant cockroaches
  8 goblins
  11 hobgoblins
  9 jackals
  14 kobolds
  7 quokkas
  7 ball pythons
  7 bats
  3 frilled lizards
  4 rats
150 creatures vanquished.

Vanquished Creatures (others)
  15 plants
15 creatures vanquished.

Grand Total: 165 creatures vanquished

Notes
Turn   | Place    | Note
-------+----------+-------------------------------------------
     0 | D:1      | qw the Tengu Warper began the quest for the Orb.
     0 | D:1      | Reached XP level 1. HP: 12/12 MP: 4/4
     0 | D:1      | 0 ||| qw: Version: 0.1-a-89-g26bdef1
     0 | D:1      | 0 ||| qw: Game counter: 2899
     0 | D:1      | 0 ||| qw: Always use a shield: true
     0 | D:1      | 0 ||| qw: God list: Okawaru
     0 | D:1      | 0 ||| qw: Allow faded altars: false
     0 | D:1      | 0 ||| qw: Do Orc after D:15 true
     0 | D:1      | 0 ||| qw: Do second Lair branch before Depths: true
     0 | D:1      | 0 ||| qw: Lair rune preference: random
     0 | D:1      | 0 ||| qw: Plans: Normal
     0 | D:1      | 0 ||| PLANNING D:1-11
    33 | D:1      | 33 ||| Stepping ~*~*~tactically~*~*~ (stealth).
    68 | D:1      | Reached skill level 3 in Axes
    68 | D:1      | Reached XP level 2. HP: 9/17 MP: 6/6
   423 | D:1      | 423 ||| DROPPING +0 club.
   545 | D:1      | Reached XP level 3. HP: 20/21 MP: 7/7
   841 | D:1      | 841 ||| UPGRADING to +0 scale mail.
   851 | D:1      | 851 ||| DROPPING +0 leather armour.
   852 | D:1      | 852 ||| READING 4 scrolls labelled VUM VIRGHIKAFO.
   853 | D:1      | 853 ||| READING 3 scrolls labelled RETYH FISUTELLUU.
   856 | D:1      | 856 ||| READING 2 scrolls labelled TULANIUSSIL.
   857 | D:1      | 857 ||| READING scroll labelled WAIHOL HIDD.
   858 | D:1      | 858 ||| READING scroll labelled NYSIGG GYJUMN.
   859 | D:1      | 859 ||| READING scroll labelled GECOJO MUREFIO.
   860 | D:1      | 860 ||| DRINKING 2 clear potions.
   894 | D:1      | 894 ||| DROPPING 3 scrolls of noise.
   895 | D:1      | 895 ||| DROPPING scroll of blinking.
   896 | D:1      | 896 ||| DROPPING scroll of fear.
   897 | D:1      | 897 ||| DROPPING potion of lignification.
   922 | D:2      | Reached skill level 4 in Axes
  1075 | D:2      | 1075 ||| Stepping ~*~*~tactically~*~*~ (stealth).
  1297 | D:2      | Identified the +6 leather armour "Boetz" {+Inv rElec rCorr}
  1372 | D:2      | 1372 ||| Stepping ~*~*~tactically~*~*~ (stealth).
  1390 | D:2      | 1390 ||| Stepping ~*~*~tactically~*~*~ (stealth).
  1462 | D:2      | 1462 ||| DROPPING +0 whip.
  1549 | D:2      | Found Weugh's General Store.
  1553 | D:2      | Reached XP level 4. HP: 26/26 MP: 8/8
  1569 | D:2      | 1569 ||| BUYING +0 pair of gloves of hurling (138 gold).
  1569 | D:2      | Bought a +0 pair of gloves of hurling for 138 gold pieces
  1569 | D:2      | 1569 ||| SHOPLISTING potion of heal wounds (60 gold, have
                  | 16).
  1569 | D:2      | 1569 ||| SHOPLISTING scroll of enchant armour (90 gold,
                  | have 16).
  1569 | D:2      | 1569 ||| SHOPLISTING scroll of identify (24 gold, have 16).
  1571 | D:2      | 1571 ||| Stepping ~*~*~tactically~*~*~ (hiding).
  1640 | D:2      | 1640 ||| Stepping ~*~*~tactically~*~*~ (stealth).
  1935 | D:2      | 1935 ||| UPGRADING to +6 leather armour "Boetz" {+Inv rElec
                  | rCorr}.
  1945 | D:2      | 1945 ||| DROPPING +0 scale mail.
  1946 | D:2      | 1946 ||| UPGRADING to +0 pair of gloves of hurling.
  1951 | D:2      | 1951 ||| READING scroll labelled RITYEM BASTRAL.
  1952 | D:2      | 1952 ||| READING 3 scrolls of identify.
  1952 | D:2      | 1952 ||| IDENTIFYING orange potion
  1953 | D:2      | 1953 ||| READING 2 scrolls of identify.
  1953 | D:2      | 1953 ||| IDENTIFYING bubbling cyan potion
  1954 | D:2      | 1954 ||| DROPPING potion of attraction.
  1973 | D:3      | Found a faded altar of an unknown god.
  2051 | D:3      | 2051 ||| Stepping ~*~*~tactically~*~*~ (stealth).
  2059 | D:3      | Reached skill level 5 in Axes
  2068 | D:3      | 2068 ||| Stepping ~*~*~tactically~*~*~ (stealth).
  2070 | D:3      | 2070 ||| FLEEEEING.
  2337 | D:3      | 2337 ||| SWAPPING to +0 war axe.
  2349 | D:3      | 2349 ||| DROPPING +0 hand axe.
  2541 | D:3      | 2541 ||| DROPPING +1 mace of holy wrath.
  2700 | D:3      | Gained mutation: Your magical nature lets you fly swiftly
                  | and evasively. [Tengu growth]
  2700 | D:3      | Reached XP level 5. HP: 25/30 MP: 9/9
  3008 | D:3      | 3008 ||| UPGRADING to +0 chain mail.
  3018 | D:3      | 3018 ||| DROPPING +6 leather armour "Boetz" {+Inv rElec
                  | rCorr}.
  3019 | D:3      | 3019 ||| UPGRADING to +0 plate armour.
  3029 | D:3      | 3029 ||| DROPPING +0 chain mail.
  3030 | D:3      | 3030 ||| READING 2 scrolls labelled AHENUU OCVIOCE.
  3031 | D:3      | 3031 ||| READING scroll labelled JUAWKE LAILUR.
  3032 | D:3      | 3032 ||| READING 3 scrolls labelled IDIUQ USHRAU.
  3166 | D:3      | 3166 ||| DRINKING 3 amethyst potions.
  3167 | D:3      | 3167 ||| DROPPING 2 scrolls of torment.
  3168 | D:3      | 3168 ||| DROPPING scroll of amnesia.
  3238 | D:4      | 3238 ||| Stepping ~*~*~tactically~*~*~ (stealth).
  3323 | D:4      | 3323 ||| DROPPING +1 whip of electrocution.
  3413 | D:4      | Noticed Ijyb
  3417 | D:4      | 3417 ||| Stepping ~*~*~tactically~*~*~ (hiding).
  3424 | D:4      | HP: 4/30 [Ijyb/+0 club (6)]
  3425 | D:4      | 3425 ||| READING 3 scrolls of teleportation.
  3740 | D:4      | Found a stormy altar of Qazlal.
  3758 | D:4      | Found a hazy altar of Hepliaklqana.
  3799 | D:4      | 3799 ||| Stepping ~*~*~tactically~*~*~ (stealth).
  3800 | D:4      | 3800 ||| Stepping ~*~*~tactically~*~*~ (stealth).
  3823 | D:4      | 3823 ||| Stepping ~*~*~tactically~*~*~ (hiding).
  3833 | D:4      | Killed Ijyb
  3834 | D:4      | Reached skill level 6 in Axes
  3899 | D:4      | Noticed Sigmund
  3900 | D:4      | 3900 ||| Stepping ~*~*~tactically~*~*~ (hiding).
  3907 | D:4      | 3907 ||| STAIRDANCE
  3935 | D:3      | 3935 ||| UPGRADING to ring of see invisible.
  3936 | D:3      | 3936 ||| READING 2 scrolls of identify.
  3936 | D:3      | 3936 ||| IDENTIFYING sedimented grey potion
  3937 | D:3      | 3937 ||| DROPPING potion of invisibility.
  3945 | D:4      | 3945 ||| DRINKING 2 potions of curing.
  3945 | D:4      | 3945 ||| (to cure confusion)
  3947 | D:4      | Killed Sigmund
  3948 | D:4      | Reached XP level 6. HP: 33/35 MP: 10/10
  3994 | D:4      | 3994 ||| FLEEEEING.
  3995 | D:4      | 3995 ||| FLEEEEING.
  3996 | D:4      | 3996 ||| STAIRDANCE
  4345 | D:4      | 4345 ||| READING scroll labelled JEVYNA KAPIUM.
  4368 | D:5      | Entered Level 5 of the Dungeon
  4374 | D:5      | Found Sublet's Book Emporium.
  4388 | D:5      | 4388 ||| Stepping ~*~*~tactically~*~*~ (stealth).
  4393 | D:5      | 4393 ||| Stepping ~*~*~tactically~*~*~ (stealth).
  4415 | D:5      | Reached XP level 7. HP: 39/40 MP: 11/11
  4476 | D:5      | Found a large runed translucent door.
  4476 | D:5      | Found a large runed translucent door.
  4477 | D:5      | 4477 ||| Stepping ~*~*~tactically~*~*~ (hiding).
  4603 | D:5      | Reached skill level 7 in Axes
  4884 | D:5      | Found a burning altar of Makhleb.
  5039 | D:5      | Found a one-way gate to the infinite horrors of the Abyss.
  5039 | D:5      | Identified the +5 rapier of Moral Flaws {distort, rN+ Str+4
                  | Dex+4}
  5160 | D:5      | 5160 ||| Stepping ~*~*~tactically~*~*~ (hiding).
  5162 | D:5      | 5162 ||| Stepping ~*~*~tactically~*~*~ (hiding).
  5163 | D:5      | 5163 ||| Stepping ~*~*~tactically~*~*~ (hiding).
  5164 | D:5      | 5164 ||| Stepping ~*~*~tactically~*~*~ (hiding).
  5165 | D:5      | 5165 ||| Stepping ~*~*~tactically~*~*~ (hiding).
  5174 | D:5      | Reached skill level 3 in Fighting
  5205 | D:5      | 5205 ||| Stepping ~*~*~tactically~*~*~ (hiding).
  5206 | D:5      | 5206 ||| Stepping ~*~*~tactically~*~*~ (hiding).
  5208 | D:5      | 5208 ||| Stepping ~*~*~tactically~*~*~ (hiding).
  5210 | D:5      | 5210 ||| DRINKING potion of curing.
  5210 | D:5      | 5210 ||| (to cure confusion)
  5439 | D:5      | 5439 ||| FLEEEEING.
  5440 | D:5      | 5440 ||| FLEEEEING.
  5441 | D:5      | 5441 ||| FLEEEEING.
  5442 | D:5      | 5442 ||| FLEEEEING.
  5443 | D:5      | 5443 ||| FLEEEEING.
  5444 | D:5      | 5444 ||| FLEEEEING.
  5445 | D:5      | 5445 ||| FLEEEEING.
  5446 | D:5      | 5446 ||| FLEEEEING.
  5447 | D:5      | 5447 ||| FLEEEEING.
  5448 | D:5      | 5448 ||| FLEEEEING.
  5449 | D:5      | 5449 ||| FLEEEEING.
  5451 | D:5      | 5451 ||| FLEEEEING.
  5452 | D:5      | 5452 ||| FLEEEEING.
  5459 | D:5      | 5459 ||| FLEEEEING.
  5460 | D:5      | 5460 ||| FLEEEEING.
  5461 | D:5      | 5461 ||| FLEEEEING.
  5462 | D:5      | 5462 ||| FLEEEEING.
  5463 | D:5      | 5463 ||| FLEEEEING.
  5464 | D:5      | 5464 ||| FLEEEEING.
  5465 | D:5      | 5465 ||| FLEEEEING.
  5466 | D:5      | 5466 ||| FLEEEEING.
  5467 | D:5      | 5467 ||| FLEEEEING.
  5468 | D:5      | 5468 ||| FLEEEEING.
  5481 | D:5      | Reached skill level 8 in Axes
  5481 | D:5      | Reached XP level 8. HP: 18/46 MP: 12/12
  5718 | D:5      | Found a corrupted altar of Lugonu.
  5774 | D:5      | 5774 ||| UPGRADING to ring of protection from fire.
  5775 | D:5      | 5775 ||| READING scroll labelled ZERI WE WUOH.
  5776 | D:5      | 5776 ||| DRINKING 2 fizzy blue potions.
  5777 | D:5      | 5777 ||| DROPPING potion of brilliance.
  5803 | D:6      | 5803 ||| Stepping ~*~*~tactically~*~*~ (stealth).
  6032 | D:6      | Reached skill level 9 in Axes
  6708 | D:6      | HP: 5/45 [wight/+3 halberd (12)]
  6709 | D:6      | 6709 ||| READING 3 scrolls of teleportation.
  6710 | D:6      | 6710 ||| DRINKING 2 potions of heal wounds.
  6717 | D:6      | HP: 8/47 [iguana (9)]
  6718 | D:6      | Reached skill level 10 in Axes
  6718 | D:6      | 6718 ||| READING 2 scrolls of teleportation.
  6719 | D:6      | 6719 ||| DRINKING potion of heal wounds.
  7063 | D:6      | Reached XP level 9. HP: 48/53 MP: 13/13
  7268 | D:6      | 7268 ||| UPGRADING to +2 hat.
  7273 | D:6      | 7273 ||| DRINKING 2 fuming sapphire potions.
  7273 | D:6      | Gained mutation: Your magical capacity is low. (-10% MP)
                  | [potion of mutation]
  7273 | D:6      | Gained mutation: Your natural rate of healing is unusually
                  | fast. [potion of mutation]
  7273 | D:6      | Gained mutation: You have hidden genetic potential. [potion
                  | of mutation]
  7273 | D:6      | Gained mutation: Your mind is acute. (Int +4, Str/Dex -1)
                  | [potion of mutation]
  7366 | D:7      | 7366 ||| Stepping ~*~*~tactically~*~*~ (stealth).
  7391 | D:7      | Noticed Joseph
  7393 | D:7      | 7393 ||| FLEEEEING.
  7394 | D:7      | 7394 ||| FLEEEEING.
  7395 | D:7      | 7395 ||| FLEEEEING.
  7396 | D:7      | 7396 ||| FLEEEEING.
  7397 | D:7      | 7397 ||| FLEEEEING.
  7398 | D:7      | 7398 ||| STAIRDANCE
  7424 | D:7      | Killed Joseph
  7425 | D:7      | Reached skill level 11 in Axes
  7604 | D:7      | Found a staircase to the Ecumenical Temple.
  7605 | D:7      | 7605 ||| PLANNING TEMPLE
  7617 | Temple   | Entered the Ecumenical Temple
  7634 | Temple   | Became a worshipper of Warmaster Okawaru
  7661 | Temple   | 7661 ||| PLANNING D:1-11
  7763 | D:7      | Noticed a troll
  7773 | D:7      | Killed a troll
  7808 | D:7      | Noticed an eight-headed hydra
  7808 | D:7      | Found the +1 robe of Vines {NoPotionHeal Regen++++}
  7810 | D:7      | 7810 ||| SWAPPING to +0 flail.
  7814 | D:7      | HP: 9/54 [eight-headed hydra (11)]
  7815 | D:7      | 7815 ||| READING scroll of teleportation.
  7815 | D:7      | HP: 2/54 [eight-headed hydra (4)]
  7815 | D:7      | Mangled by an eight-headed hydra

Levels and vault maps discovered:
D:1:      dpeg_arrival_rooms_with_view, layout_basic, minmay_tromino_i4
D:2:      minmay_alternating_diamond, layout_basic, serial_shops, shop_fountains
D:3:      wad_woods_tower, layout_basic, nicolae_ecumenical_pavilion,
          kennysheep_minor_cross, chequers_serial_rivers_micro_e
D:4:      layout_loops_ring, lemuel_doored_altar, kennysheep_mini,
          kennysheep_generic_room_4, uniq_sigmund, uniq_ijyb
D:5:      due_chaos_kobolds, layout_basic, mainiacjoe_overflow_alcove_2,
          kennysheep_small_circle
D:6:      minmay_polygon_palace, layout_rooms, small_statue_intersection
D:7:      layout_basic, minmay_temple_entry_ruins,
          hellmonk_guarded_unrand_vines, uniq_joseph
Temple:   cyrus_circular_temple

Skill      XL: |  1  2  3  4  5  6  7  8  9 |
---------------+----------------------------+-----
Axes           | 3 4 5 6 8 10 11 | 11.9
Armour         | 4 5 |  5.0
Fighting       | 3 4 5 |  5.1
Throwing       | |  1.0
Dodging        | |  2.1
Spellcasting   | |  2.0
Translocations | |  2.4

Action                   |  1- 3 |  4- 6 |  7- 9 || total
-------------------------+-------+-------+-------++-------
Melee: Hand axe          |    95 |    42 |       ||   137
       Kick              |    25 |    34 |    60 ||   119
       Peck              |     6 |    16 |    29 ||    51
       Punch             |     2 |     1 |     1 ||     4
       War axe           |       |    79 |   188 ||   267
       Flail             |       |       |     4 ||     4
Throw: Boomerang         |     7 |    33 |    41 ||    81
  Use: Scroll            |     6 |     9 |     4 ||    19
       Potion            |     1 |     2 |     5 ||     8
Armor: Leather armour    |    19 |    16 |       ||    35
       Scale mail        |     8 |     4 |       ||    12
       Plate armour      |       |    31 |   143 ||   174
Dodge: Dodged            |    43 |    60 |    51 ||   154

Table legend:
 A = Non-vault XP
 B = Vault XP
 C = Vault XP percentage of total XP
 D = Non-vault monster count
 E = Vault monster count
 F = Vault count percentage of total count
                 A         B        C        D         E       F
            +---------+---------+-------+---------+---------+-------
      Total |    1590 |    1990 |  55.6 |     113 |      37 |  24.7
            +---------+---------+-------+---------+---------+-------
        D:1 |      33 |       7 |  17.5 |      19 |       4 |  17.4
        D:2 |      46 |       8 |  14.8 |      20 |       5 |  20.0
        D:3 |      58 |      37 |  38.9 |      19 |       6 |  24.0
        D:4 |     118 |     260 |  68.8 |      16 |       3 |  15.8
        D:5 |     648 |       0 |   0.0 |      24 |       0 |   0.0
        D:6 |     399 |     917 |  69.7 |      11 |      17 |  60.7
        D:7 |     288 |     761 |  72.5 |       4 |       2 |  33.3
            +---------+---------+-------+---------+---------+-------
